 Dungeon Crawl Stone Soup version 0.21-a0-265-gb353147 (webtiles) character file.

4153 tidbits the Insei (level 9, -2/75 HPs)
             Began as a Demigod Transmuter on Sept 10, 2017.
             Slain by Grum
             ... wielding a -2 spear
              (19 damage)
             ... on level 8 of the Dungeon.
             The game lasted 00:45:17 (4787 turns).

tidbits the Insei (Demigod Transmuter)              Turns: 4787, Time: 00:45:17

Health: -2/75      AC:  9    Str: 13    XL:     9   Next: 80%
Magic:  45/45      EV: 15    Int: 28    God:
Gold:   439        SH:  0    Dex: 18    Spells: 1/16 levels left

rFire    . . .     SeeInvis .   a - +1 whip (elec)
rCold    . . .     Gourm    .   (no shield)
rNeg     . . .     Faith    +   B - +4 leather armour of Ashenzari's Scorn {MP+9 Int+5 Dex+2}
rPois    .         Spirit   .   E - +0 helmet
rElec    .         Reflect  .   C - +0 cloak (curse)
rCorr    .         Harm     .   (no gloves)
MR       .....                  (no boots)
Stlth    +.........             K - amulet of faith
HPRegen  0.22/turn              n - ring of magical power
MPRegen  0.29/turn              j - ring of magical power

@: no status effects
A: high mp 1
a: no special abilities


You were on level 8 of the Dungeon.
You were not hungry.

You visited 1 branch of the dungeon, and saw 8 of its levels.
You also visited: Sewer.

You collected 439 gold pieces.

Inventory:

Hand Weapons
 a - a +1 whip of electrocution (weapon)
   (You took it off a kobold in a sewer)
 g - a +0 blowgun
 w - a +0 short sword of draining
   (You took it off a big kobold in a sewer)
 D - a +0 flail of crushing
   (You took it off an orc on level 3 of the Dungeon)
 F - a +2 shortbow of freezing
   (You took it off a centaur on level 5 of the Dungeon)
Missiles
 e - 135 arrows
 f - 17 stones (quivered)
 h - 11 tomahawks
 t - 91 bolts
 y - 25 poisoned needles
 z - 2 throwing nets {!f}
Armour
 B - the +4 leather armour of Ashenzari's Scorn (worn) {MP+9 Int+5 Dex+2}
   (You took it off a gnoll on level 4 of the Dungeon)

   It affects your intelligence (+5).
   It affects your dexterity (+2).
   It affects your magic capacity (+9).
 C - a cursed +0 cloak (worn)
 E - a +0 helmet (worn)
 M - the +0 robe "Takhiewie" {MR- Str+5 SInv}
   (You found it on level 4 of the Dungeon)

   It affects your strength (+5).
   It affects your resistance to hostile enchantments.
   It lets you see invisible.
Jewellery
 j - a ring of magical power (right hand)
   (You found it on level 4 of the Dungeon)
 n - a ring of magical power (left hand)
   (You found it on level 1 of the Dungeon)
 A - an uncursed ring of fire
   (You found it on level 4 of the Dungeon)
 K - an amulet of faith (around neck)
   (You found it on level 6 of the Dungeon)
Wands
 q - a wand of polymorph (3/24)
Scrolls
 l - a scroll of enchant weapon {unknown}
 m - a scroll of recharging {unknown}
 r - 3 scrolls of remove curse
 v - 2 scrolls of teleportation
 G - a scroll of enchant armour {unknown}
 J - a scroll of magic mapping {unknown}
Potions
 b - a potion of agility {unknown}
 o - 4 potions of curing
 s - 5 potions of flight
 u - 3 potions of heal wounds
 x - a potion of brilliance
 H - a potion of berserk rage {unknown}
 I - a potion of lignification {unknown}
 L - a potion of ambrosia {unknown}
Books
 c - a book of Changes

   Spells                             Type                      Level
   a - Beastly Appendage              Transmutation                1
   b - Sticks to Snakes               Transmutation                2
   c - Spider Form                    Transmutation/Poison         3
   d - Ice Form                       Ice/Transmutation            4
   e - Blade Hands                    Transmutation                5
Comestibles
 d - 7 bread rations
 k - 6 royal jellies
 p - 6 meat rations


   Skills:
 + Level 5.8 Fighting
 + Level 5.6 Dodging
 * Level 7.7 Unarmed Combat
 - Level 4.0 Spellcasting
 - Level 7.1 Transmutations


You had one spell level left.
You knew the following spells:

 Your Spells              Type           Power        Failure   Level  Hunger
e - Beastly Appendage     Tmut           #####.       1%          1    None
h - Blade Hands           Tmut           #####.....   14%         5    #####..
i - Ice Form              Ice/Tmut       ####....     22%         4    ####...
k - Sticks to Snakes      Tmut           #####...     1%          2    None
p - Spider Form           Tmut/Pois      ####......   6%          3    ##.....


Dungeon Overview and Level Annotations

Branches:
Dungeon (8/15)             Temple (0/1) D:5
   Lair: D:8-11

Shops:
D:4 *

Annotations:
D:8 Grum


Innate Abilities, Weirdness & Mutations

You have an increased reservoir of magic. (+10% MP)


Message History

Huh?
Wield which item (- for none, * to show all)? (? for menu, Esc to quit)
Okay, then.
Wield which item (- for none, * to show all)? (? for menu, Esc to quit)
d - 7 bread rations (in hand)
You swing at nothing.
You swing at nothing.
You feel sick.
You swing at nothing.
You swing at nothing.
You feel sick.
You swing at nothing.
You swing at nothing.
You feel sick.
You swing at nothing.
You swing at nothing.
You swing at nothing.
You feel sick.
You swing at nothing.
You swing at nothing.
You swing at nothing.
You feel sick.
You are no longer poisoned.
You swing at nothing.
You swing at nothing.
You swing at nothing.
You swing at nothing.
You swing at nothing.
You swing at nothing.
You swing at nothing.
You swing at nothing.
You swing at nothing.
You swing at nothing.
You swing at nothing.
You swing at nothing.
You swing at nothing.
You swing at nothing.
You swing at nothing.
You swing at nothing.
You swing at nothing.
You swing at nothing.
You swing at nothing.
You swing at nothing.
You swing at nothing.
You swing at nothing.
You swing at nothing.
You swing at nothing.
You swing at nothing.
You swing at nothing.
You swing at nothing.
You swing at nothing.
You swing at nothing.
You swing at nothing.
You swing at nothing.
You swing at nothing.
You swing at nothing.
You swing at nothing.
You swing at nothing.
You swing at nothing.
You swing at nothing.
You swing at nothing.
You swing at nothing.
You swing at nothing.
You swing at nothing.
You swing at nothing.
You swing at nothing.
You swing at nothing.
You swing at nothing.
You swing at nothing.
You swing at nothing.
You swing at nothing.
You swing at nothing.
You swing at nothing.
You swing at nothing.
You swing at nothing.
You swing at nothing.
You swing at nothing.
You swing at nothing.
You swing at nothing.
You swing at nothing.
Wield which item (- for none, * to show all)? (? for menu, Esc to quit)
Wield which item (- for none, * to show all)? (? for menu, Esc to quit)
Huh?
Wield which item (- for none, * to show all)? (? for menu, Esc to quit)
Okay, then.
Unknown command.
Wield which item (- for none, * to show all)? (? for menu, Esc to quit)
You hear the crackle of electricity.
a - a +1 whip of electrocution (weapon)
You climb downwards.
A hound, 2 wolves and Grum come into view.
Grum growls angrily.
The wolf howls!
The hound barks!
The wolf howls!
The wolf bites you!
* * * LOW HITPOINT WARNING * * *
The wolf barely misses you. Grum hits you from afar with a spear!
* * * LOW HITPOINT WARNING * * *
The hound bites you.
* * * LOW HITPOINT WARNING * * *
The wolf closely misses you. Grum misses you.
There is a stone staircase leading up, spattered with blood here.
The hound barely misses you. The wolf closely misses you.
The wolf bites you but does no damage. The hound bites you.
* * * LOW HITPOINT WARNING * * *
The wolf completely misses you. Grum hits you from afar with a spear!!
You die...

######
#....#
.....#
#.g..#
#hh..#
#@h#
#.##
#.#
#.#
#.#
..#
...
...


You could see Grum, 2 wolves and a hound.

Vanquished Creatures
  A human (D:7)
  A yak (D:7)
  A wyvern (D:6)
  2 hogs (D:7)
  2 sky beasts
  An ice beast (D:5)
  A phantom (D:8)
  2 ogres
  6 centaurs
  5 big kobolds
  A bullfrog (D:8)
  A scorpion (D:4)
  3 killer bees (D:7)
  4 crimson imps
  2 bullfrog zombies
  A jelly (D:7)
  4 hounds
  2 bullfrog skeletons
  2 orc priests
  A gnoll shaman (D:4)
  4 orc wizards
  An iguana (D:5)
  3 worker ants
  Terence (D:3)
  A howler monkey zombie (D:5)
  11 gnolls
  7 adders
  3 river rats (Sewer)
  4 oozes (Sewer)
  3 adder skeletons (D:4)
  7 worms
  9 leopard geckos
  24 orcs
  3 ball pythons (Sewer)
  5 bats
  6 giant cockroaches
  4 goblins
  7 hobgoblins
  10 jackals
  15 kobolds
  3 quokkas
  3 frilled lizards
  A giant cockroach zombie (D:5)
  A jackal skeleton (D:5)
  8 rats
187 creatures vanquished.

Vanquished Creatures (collateral kills)
  A two-headed ogre (D:6)
  A hog (D:7)
  An ogre (D:6)
  A big kobold (Sewer)
  2 gnolls (D:6)
  A worm (D:2)
  An orc (D:6)
  A ball python (D:2)
9 creatures vanquished.

Grand Total: 196 creatures vanquished

Notes
Turn   | Place    | Note
-------+----------+-------------------------------------------
     0 | D:1      | tidbits the Demigod Transmuter began the quest for the Orb.
     0 | D:1      | Reached XP level 1. HP: 15/15 MP: 5/5
    95 | D:1      | Reached skill level 2 in Spellcasting
   414 | D:1      | Reached XP level 2. HP: 7/22 MP: 7/7
   419 | D:1      | Learned a level 2 spell: Sticks to Snakes
   687 | D:2      | Reached skill level 2 in Transmutations
   707 | D:2      | HP: 2/22 [jackal (1)]
   816 | D:2      | HP: 1/22 [goblin/dagger (2)]
   839 | D:2      | HP: 2/22 [hobgoblin/club (1)]
  1043 | D:3      | Reached XP level 3. HP: 16/27 MP: 9/9
  1052 | D:3      | Learned a level 3 spell: Spider Form
  1243 | D:2      | Found a burning altar of Makhleb.
  1300 | D:2      | Reached skill level 3 in Unarmed Combat
  1423 | D:3      | Found a glowing drain.
  1441 | Sewer    | Entered a sewer
  1504 | Sewer    | Reached XP level 4. HP: 33/34 MP: 6/10
  1565 | Sewer    | Noticed a big kobold
  1582 | Sewer    | Killed a big kobold
  1582 | Sewer    | Reached skill level 4 in Unarmed Combat
  1582 | Sewer    | Reached XP level 5. HP: 32/39 MP: 11/11
  1644 | Sewer    | Reached skill level 5 in Unarmed Combat
  1679 | Sewer    | Reached skill level 1 in Fighting
  1712 | Sewer    | Reached skill level 2 in Dodging
  1712 | Sewer    | Reached XP level 6. HP: 30/48 MP: 12/12
  1808 | Sewer    | Reached skill level 2 in Fighting
  1940 | Sewer    | Reached skill level 3 in Dodging
  2003 | D:3      | Noticed Terence
  2016 | D:3      | Killed Terence
  2274 | D:4      | Got a slimy robe
  2292 | D:4      | Identified the +0 robe "Takhiewie" {MR- Str+5 SInv} (You found it on level 4 of the Dungeon)
  2444 | D:4      | Reached skill level 3 in Fighting
  2444 | D:4      | Reached XP level 7. HP: 57/57 MP: 13/13
  2535 | D:4      | Reached skill level 6 in Unarmed Combat
  2543 | D:4      | Got a warped leather armour
  2574 | D:4      | Identified the +4 leather armour of Ashenzari's Scorn {MP+9 Int+5 Dex+2} (You took it off a gnoll on level 4 of the Dungeon)
  2751 | D:4      | Found Eddaklig's General Store.
  2766 | D:4      | Reached skill level 3 in Transmutations
  2834 | D:5      | Entered Level 5 of the Dungeon
  2883 | D:4      | You fall through a shaft!
  2896 | D:5      | Reached skill level 4 in Fighting
  2911 | D:5      | Found a staircase to the Ecumenical Temple.
  3030 | D:5      | Reached skill level 4 in Dodging
  3090 | D:5      | Reached XP level 8. HP: 47/67 MP: 15/15
  3244 | D:6      | Reached skill level 4 in Transmutations
  3252 | D:6      | Noticed a two-headed ogre
  3261 | D:6      | Killed a two-headed ogre
  3261 | D:6      | Reached skill level 5 in Fighting
  3261 | D:6      | Reached skill level 5 in Dodging
  3261 | D:6      | Reached skill level 3 in Spellcasting
  3470 | D:6      | Reached skill level 5 in Transmutations
  3596 | D:6      | Reached skill level 4 in Spellcasting
  3628 | D:6      | Learned a level 5 spell: Blade Hands
  3656 | D:6      | Reached XP level 9. HP: 32/74 MP: 18/18
  3771 | D:6      | Reached skill level 6 in Transmutations
  4256 | D:7      | Reached skill level 7 in Unarmed Combat
  4256 | D:7      | Reached skill level 7 in Transmutations
  4294 | D:7      | Learned a level 4 spell: Ice Form
  4635 | D:8      | Noticed a two-headed ogre
  4786 | D:8      | Noticed Grum
  4787 | D:8      | Slain by Grum

Vault maps used:
D:1:      scummos_arrival_simple_fountains
D:2:      lemuel_crystal_altar
D:3:      gup_sewer_entry_pipe, first_bread, glass_columns_a, uniq_terence,
          uniq_natasha
D:4:      serial_shops, kennysheep_little_box
D:5:      minmay_temple_entry_glassed_door, nicolae_underground_beach
D:7:      grunt_livestock
D:8:      lemuel_hellish_altar, uniq_grum
Sewer:    sewer_co_tree

Skill      XL: |  1  2  3  4  5  6  7  8  9 |
---------------+----------------------------+-----
Spellcasting   | 2 4 |  4.0
Transmutations | 2 3 5 7 |  7.1
Unarmed Combat | 3 4 5 6 7 |  7.7
Fighting       | 1 3 4 5 |  5.8
Dodging        | 2 3 4 5 |  5.6

Action                   |  1- 3 |  4- 6 |  7- 9 || total
-------------------------+-------+-------+-------++-------
Melee: Short sword       |    57 |     3 |       ||    60
       Kick              |    11 |     1 |       ||    12
       Headbutt          |     3 |       |       ||     3
       Unarmed           |    47 |   121 |   321 ||   489
       Punch             |     1 |     1 |     3 ||     5
       Whip              |       |    18 |    57 ||    75
Throw: Stone             |     7 |     1 |       ||     8
 Cast: Beastly Appendage |    16 |     1 |       ||    17
       Sticks to Snakes  |     6 |     4 |    14 ||    24
       Spider Form       |    11 |    21 |    33 ||    65
       Blade Hands       |       |       |     3 ||     3
       Ice Form          |       |       |     3 ||     3
 Abil: End Transformatio |       |       |     1 ||     1
  Use: Scroll            |     3 |       |     4 ||     7
       Potion            |       |       |     3 ||     3
 Stab: Distracted        |     1 |     1 |     1 ||     3
       Invisible         |       |       |     2 ||     2
       Sleeping          |       |       |     1 ||     1
  Eat: Chunk             |     4 |     5 |    11 ||    20
       Fruit             |     1 |     1 |     3 ||     5
       Royal jelly       |       |       |     1 ||     1
Armor: Robe              |    12 |     4 |     1 ||    17
       Skin              |     3 |     5 |    10 ||    18
       Leather armour    |       |       |    31 ||    31
Dodge: Dodged            |    87 |    87 |   319 ||   493

Table legend:
 A = Spawn XP
 B = Non-spawn XP
 C = Spawn XP percentage of total XP
 D = Spawn monster count
 E = Non-spawn monster count
 F = Spawn count percentage of total count
 G = Total turns spent on level
                    A         B        C        D         E        F      G
               +---------+---------+-------+---------+---------+-------+---------
         Total |       0 |    5934 |   0.0 |       0 |     196 |   0.0 |  4787
               +---------+---------+-------+---------+---------+-------+---------
           D:1 |       0 |      13 |   0.0 |       0 |       8 |   0.0 |   787
           D:2 |       0 |      49 |   0.0 |       0 |      23 |   0.0 |   444
           D:3 |       0 |      94 |   0.0 |       0 |      27 |   0.0 |   519
           D:4 |       0 |     525 |   0.0 |       0 |      32 |   0.0 |   568
           D:5 |       0 |     503 |   0.0 |       0 |      12 |   0.0 |   439
           D:6 |       0 |    1966 |   0.0 |       0 |      25 |   0.0 |   669
           D:7 |       0 |    1631 |   0.0 |       0 |      26 |   0.0 |   749
           D:8 |       0 |     518 |   0.0 |       0 |      15 |   0.0 |    65
         Sewer |       0 |     635 |   0.0 |       0 |      28 |   0.0 |   547
               +---------+---------+-------+---------+---------+-------+---------

Table legend:
 A = Turns spent in this place as a percentage of turns spent in the entire game.
 B = Non-inter-level travel turns spent in this place as a percentage of non-inter-level travel turns spent in the entire game.
 C = Inter-level travel turns spent in this place as a percentage of turns spent in this place.
 D = Turns resting spent in this place as a percentage of non-inter-level travel turns spent in this place.
 E = Turns spent auto-exploring this place as a percentage of non-inter-level travel turns spent in this place.
 F = Non-inter-level travel turns spent in this place divided by the number of levels of this place that you've seen.
                   A       B       C       D       E      F
               +-------+-------+-------+-------+-------+----------------------
         Total | 100.0 | 100.0 |   9.2 |   0.3 |   0.0 | 483.0
       Dungeon |  88.6 |  87.4 |  10.4 |   0.3 |   0.0 | 475.0
         Sewer |  11.4 |  12.6 |   0.0 |   0.0 |   0.0 | 547.0
               +-------+-------+-------+-------+-------+----------------------

Table legend:
 A = Kills in this place as a percentage of kills in entire the game.
 B = Kills by you in this place as a percentage of kills by you in the entire game.
 C = Kills by friends in this place as a percentage of kills by friends in the entire game.
 D = Other kills in this place as a percentage of other kills in the entire game.
 E = Experience gained in this place as a percentage of experience gained in the entire game.
 F = Experience gained in this place divided by the number of levels of this place that you have seen.
                   A       B       C       D       E      F
               +-------+-------+-------+-------+-------+----------------------
         Total | 100.0 | 100.0 | 100.0 |   N/A | 100.0 | 659.3
       Dungeon |  85.7 |  85.6 |  88.9 |   N/A |  89.3 | 662.4
         Sewer |  14.3 |  14.4 |  11.1 |   N/A |  10.7 | 635.0
               +-------+-------+-------+-------+-------+----------------------

Vault maps used:
D:1:      scummos_arrival_simple_fountains
D:2:      lemuel_crystal_altar
D:3:      gup_sewer_entry_pipe, first_bread, glass_columns_a, uniq_terence,
          uniq_natasha
D:4:      serial_shops, kennysheep_little_box
D:5:      minmay_temple_entry_glassed_door, nicolae_underground_beach
D:7:      grunt_livestock
D:8:      lemuel_hellish_altar, uniq_grum
Sewer:    sewer_co_tree
